 Dungeon Crawl Stone Soup version 0.30-a0-1050-g2766ea1e55 (webtiles) character file.

Game seed: 14495321506250928565

11 Arcadio the Grave Robber (level 2, 0/22 HPs)
             Began as a Ghoul Necromancer on Apr 10, 2023.
             Slain by a hobgoblin (4 damage)
             ... on level 1 of the Dungeon.
             The game lasted 00:01:08 (309 turns).

Arcadio the Grave Robber (Ghoul Necromancer)         Turns: 309, Time: 00:01:09

Health: 0/22       AC:  2    Str: 11    XL:     2   Next: 29%
Magic:  0/4        EV: 12    Int: 10    God:
Gold:   17         SH:  0    Dex:  9    Spells: 4/5 levels left

rFire   . . .      SeeInvis .    (no weapon)
rCold   + . .      Faith    .    (no shield)
rNeg    + + +      Spirit   .    a - +0 robe
rPois   ∞          Reflect  .    (no helmet)
rElec   .          Rampage  .    (no cloak)
rCorr   .                        (no gloves)
Will    .....                    (no boots)
Stlth   ++                       (no amulet)
HPRegen 0.00/turn                (no ring)
MPRegen 0.09/turn                (no ring)

@: inhibited regen
A: claws 1, cold resistance 1, negative energy resistance 3, inhibited
regeneration, torment resistance 2, devour on kill
a: no special abilities


You were on level 1 of the Dungeon.
You visited 1 branch of the dungeon, and saw 1 of its levels.

You collected 17 gold pieces.

Inventory:

Armour
 a - a +0 robe (worn)
 e - a +0 leather armour
Scrolls
 c - a scroll of silence {unknown}
 f - a scroll of blinking {unknown}
Potions
 b - a potion of magic
 d - a potion of flight {unknown}


   Skills:
 + Level 0.7 Fighting
 + Level 2.0 Dodging
 - Level 2.1 Stealth
 + Level 2.0 Spellcasting
 + Level 4.1 Necromancy


You had 4 spell levels left.
You knew the following spells:

 Your Spells              Type           Power      Damage    Failure   Level
a - Necrotise             Necr           36%        1d5       6%          1

Your spell library contained the following spells:

 Spells                   Type           Power      Damage    Failure   Level
 Vampiric Draining        Necr           9%         2d6       17%         3
 Animate Dead             Necr           9%         N/A       50%         4
 Agony                    Necr           9%         N/A       85%         5


Dungeon Overview and Level Annotations

Branches:
Dungeon (1/15) Zot: 5690

Altars:


Innate Abilities, Weirdness & Mutations

You are immune to poison.
You have sharp fingernails.
Your flesh is cold resistant. (rC+)
You are immune to negative energy. (rN+++)
You do not regenerate when monsters are visible.
You are immune to unholy pain and torment.
You thrive by killing the living.


Message History

Your Spellcasting skill increases to level 2!
You scratch the hobgoblin but do no damage.
Your kobold skeleton hits the hobgoblin but does no damage.
The hobgoblin hits you.
A hobgoblin comes into view.
You scratch the hobgoblin.
The hobgoblin is heavily wounded.
Your kobold skeleton hits the hobgoblin but does no damage.
The hobgoblin misses you.
Casting: Necrotise (safe; 6% risk of failure)
Confirm with . or Enter, or press ? or * to list all spells.
Aiming: Necrotise (safe; 6% risk of failure)
Press: ? - help, Shift-Dir - straight line, f - hobgoblin
Aim: a hobgoblin (heavily wounded, ally target, chance to affect: 76%)
The hobgoblin barely resists.
The hobgoblin barely misses you.
The hobgoblin hits your kobold skeleton.
Your kobold skeleton is destroyed!
You scratch the hobgoblin but do no damage.
The hobgoblin is heavily wounded.
The hobgoblin closely misses you.
You barely miss the hobgoblin.
The hobgoblin is heavily wounded.
The hobgoblin hits you. x2
You closely miss the hobgoblin.
The hobgoblin is heavily wounded.
The hobgoblin barely misses you. The hobgoblin hits you.
You barely miss the hobgoblin.
The hobgoblin is heavily wounded.
The hobgoblin hits you. x2
You scratch the hobgoblin.
You kill the hobgoblin!
The hobgoblin barely misses you.
You barely miss the hobgoblin. The hobgoblin hits you.
* * * LOW HITPOINT WARNING * * *
You scratch the hobgoblin but do no damage.
The hobgoblin barely misses you.
You scratch the hobgoblin.
The hobgoblin is lightly wounded.
The hobgoblin hits you.
You die...

...# ## #..#+###.# #..# ..
#.............# #.
#......#.##...# #.
#......#.##...###
####.##......#.##.....
...........!.#.##...####
#.####.#†@.....#.##..##...
........g).........>.....#
...###.#.#......!.....#..#
#.#.#...#$#.........#
#.#.#...#....#.##...#
..#.#.###.[.....#...#
..#.#.# #....#..#...#
#..#.#........#..#...#
##.#.########.#.##...#


You could see a hobgoblin.

Vanquished Creatures
  An endoplasm (D:1)
  A giant cockroach (D:1)
  A goblin (D:1)
  3 hobgoblins (D:1)
  A kobold (D:1)
  A quokka (D:1)
  A rat (D:1)
9 creatures vanquished.

Notes
Turn   | Place    | Note
-------+----------+-------------------------------------------
     0 | D:1      | Arcadio the Ghoul Necromancer began the quest for the Orb.
     0 | D:1      | Reached XP level 1. HP: 14/14 MP: 2/2
   248 | D:1      | Reached XP level 2. HP: 22/22 MP: 3/3
   309 | D:1      | Slain by a hobgoblin

Illustrated notes

Levels and vault maps discovered:
D:1:      dpeg_arrival_refuge, layout_basic, minivault_23

Skill      XL: |  1  2 |
---------------+-------+-----
Dodging        | 2 |  2.0
Spellcasting   | 2 |  2.0
Fighting       | |  0.7
Stealth        | |  2.1
Necromancy     | |  4.1

Action                     || total
---------------------------++-------
  Melee: Unarmed           ||    42
   Cast: Necrotise         ||    12
 Armour: Robe              ||     8
  Dodge: Dodged            ||    19

Table legend: (Time is in decaauts)
 A = Elapsed time spent in this place.
 B = Non-inter-level travel time spent in this place.
 C = Inter-level travel time spent in this place.
 D = Time resting spent in this place.
 E = Time spent auto-exploring this place.
 F = Levels seen in this place.
 G = Mean time per level.
                   A        B        C        D        E       F      G
               +--------+--------+--------+--------+--------+-----+--------+
         Total |    309 |    309 |      0 |      0 |    212 |   1 |  309.0 |
       Dungeon |    309 |    309 |      0 |      0 |    212 |   1 |  309.0 |
               +--------+--------+--------+--------+--------+-----+--------+

Top non-repeatable levels by time:
     D:1: 309 daAuts
